Frizzbo, neutral female gnomish Wizard ---------------- ---------------- |..............+##########|.......).)....| |.......{....*.| #|..............| |..............-# ###|*.....>.......| --------.-------# # #|)........)....| # # ### #-|-------------- ### `## # ############ # #### # ### -----# ### # |.<.|# # # # ----.---- |...|# #---.-- *## # ---------------- |........ |...|### #|..... #########o######-@Gm???*+?.(.(*| |.......| |...|# # #|....| ### # |./...?+?[%!?[?| |.......| +....# ###|.....######## |.f(?)!%%*.=/!)| |.......-#######|...| #-....|### |).![))?.??)/)/| |.......| #----- #|.....# ---------------- |...----- ###########------ ----- Frizzbo the Conjurer Experience level: 4 Strength: 12 Dexterity: 9 Constitution: 17 Intelligence: 12 Wisdom: 17 Charisma: 12 Health: 0(35) Energy: 30(39) Def: 2 Gold: 0 Moves: 1381 Dungeon seed: TlnkAz_ACBtCWk3b Game ID: Frizzbo_1466081996 Your Inventory: Weapons f - an uncursed +2 aklys (weapon in hand) g - an uncursed +0 crossbow Armor e - an uncursed +0 cloak of magic resistance (being worn) q - an uncursed +0 pair of leather gloves (being worn) y - an uncursed +0 pair of jumping boots Scrolls k - an uncursed scroll of scare monster l - an uncursed scroll of light o - an uncursed scroll of blank paper Spellbooks b - a blessed spellbook of force bolt c - an uncursed spellbook of haste self Potions p - a blessed potion of object detection Tools i - an uncursed tallow candle (0:200) m - an uncursed skeleton key Gems n - 2 uncursed aquamarine stones r - an uncursed worthless piece of white glass Spells and supernatural/magical abilities: Name Level Category Fail Memory a - force bolt 1 attack 0% 94% H - haste self 3 escape 100% 94% W - pray for help -- divine ? -- Your skills at the end: Miscellaneous Skills wands [Basic] Weapon Skills quarterstaff [Basic] crossbow [Basic] Spellcasting Skills attack spells [Basic] enchantment spells [Basic] Final Attributes: You were devoutly aligned. You were magic-protected. You had infravision. You were held by a giant mimic. You are dead. Vanquished creatures: a large mimic a shrieker a large kobold 2 geckos 4 giant rats a yellow mold a green mold 4 jackals a kobold 8 newts a grid bug 3 lichens 28 creatures vanquished. Voluntary challenges: You did not adorn yourself with jewelry or accessories. You were an atheist. You used a wielded weapon 15 times, starting on turn 106. You did not use containers. You did not apply a unicorn horn. You were illiterate. You never genocided any monsters. You never polymorphed an object. You never changed form. You used no wishes. You never split a pudding. You never wrote Elbereth's name. You never violated your personal moral code. Dungeon overview: The Dungeons of Doom: levels 1 to 3 Level 1 a fountain a long staircase Level 2 a general store, a fountain Level 3 <- You were here a general store, a fountain a long staircase History has recorded: On T:1 you entered the Dungeons of Doom to retrieve the Amulet of Yendor! On T:459 you reached level 2 of The Dungeons of Doom. On T:549 you advanced to experience level 2. On T:777 you advanced to experience level 3. On T:823 you advanced to experience level 4. On T:1025 you reached level 3 of The Dungeons of Doom. Score breakdown: Gold: 0 ( 0 points) Experience: 4 levels ( 300 points) Exploration: 3 levels ( 60 points) Discoveries: 2 items ( 100 points) Variety of kills: 12 monsters ( 600 points) Major goal: (nothing yet) ( 0 points) Survival: died (score multiplied by 3) Total score: 3180 Latest messages: You see here a purple-red potion (300 zorkmids). Taco drops a key. You see here an iridium wand (200 zorkmids). There are a few objects here. Annootok talks about the problem of shoplifters. (2x) You see here a scroll labeled NR 9 (60 zorkmids). Taco picks up an iridium wand. Wait! That's a giant mimic! The giant mimic claws you! (2x) The spell hits the giant mimic! The giant mimic resists! Splat! You owe Annootok 18 zorkmids for it! A fizzy potion shatters! You owe Annootok 150 zorkmids for it! Taco drops an iridium wand. The spell misses the giant mimic. Taco picks up a tin whistle. You hit the giant mimic. (2x) The giant mimic claws you! You die... Annootok takes all your possessions. Final status: Goodbye Frizzbo the Wizard, killed by a giant mimic... You died in The Dungeons of Doom on dungeon level 3 with 3180 points, and 0 pieces of gold, after 1381 moves. You were level 4 with a maximum of 35 hit points when you died.